Match 44120970
Unlisted

Match 44120970
End
Construct Weapon Support Center
Engineer Squad
M1919 Machine Gun Team
M1919 Machine Gun Team
Bazooka Squad
Mechanized Support Center
Selects Heavy Weapons
Selects Assault Carriers
M3 Assault Carrier
M3 Assault Carrier
M3 Assault Carrier
Selects Exchangeable Parts
Designate Forward Repair Station
M3 Assault Carrier
M3 Assault Carrier
Construct Tank Depot
M4A1 Sherman Medium Tank
Improvised Armor
M4A1 Sherman Medium Tank
Bazooka Squad
M1919 Machine Gun Team
Engineer Squad
Selects M26 Pershing Heavy Tank
M1919 Machine Gun Team
M26 Pershing Heavy Tank
Selects M2HB .50cal Heavy Machine Gun
Salvage Crew
Construct Medical Station
M18 Hellcat Tank Destroyer
[HAN]Diederick Kastner
Speedbird
しばる
18918848
Gunz
泰伦
生是中国人死是中国僵
vincent
0
0

Comments sign in to comment!

No comments posted yet!